 Dungeon Crawl Stone Soup version 0.17.0-22-g5edae84 (webtiles) character file.

430605 HaroldButt the Sorcerer (level 22, -1/137 HPs)
             Began as a Deep Elf Conjurer on Nov 12, 2015.
             Was the Champion of Vehumet.
             Slain by a reaper
             ... wielding a +2 scythe of slicing
              (9 damage)
             ... on level 3 of the Depths.
             The game lasted 07:30:44 (64801 turns).

HaroldButt the Sorcerer (Deep Elf Conjurer)        Turns: 64801, Time: 07:30:44

Health: -1/137     AC: 14    Str:  5    XL:     22   Next: 83%
Magic:  6/49       EV: 34    Int: 31    God:    Vehumet [******]
Gold:   3156       SH:  6    Dex: 32    Spells: 12 memorised, 10 levels left

rFire  + . .     SeeInvis .     g - +11 falchion "Ekienenn" {slice, *Drain rC+ Int+4 Stlth+}
rCold  + . .     Clarity  +     C - +0 robe of Objectivity {rC+ MR++ Int-2 Stlth+}
rNeg   . . .     SustAt   .     X - -2 buckler of Pandemonium {rElec}
rPois  +         Gourm    .     S - +1 helmet
rElec  +         Spirit   .     F - +2 cloak
rCorr  .         Warding  .     a - +2 pair of gloves of the Fifty Souls {Dex+6}
rMut   .         Stasis   .     Q - +2 pair of boots
MR     +++++                    V - amulet of clarity
Stlth  +++++.....               P - ring "Fomiy" {Fire rPois Dex+6 Slay-5}
                                Z - ring "Eprathek" {Wiz MR+ Dex+3}

@: delayed fireball, studying Dodging, almost entirely resistant to hostile
enchantments, quite stealthy
A: no striking features
a: Renounce Religion, Release Delayed Fireball
}: 2/15 runes: serpentine, barnacled


You were on level 3 of the Depths.
You worshipped Vehumet.
Vehumet was exalted by your worship.
You were very hungry.

You visited 8 branches of the dungeon, and saw 43 of its levels.

You collected 6889 gold pieces.
You spent 3733 gold pieces at shops.

Inventory:

Hand Weapons
 g - the +11 falchion "Ekienenn" (weapon) {slice, *Drain rC+ Int+4 Stlth+}
   (You found it on level 1 of the Snake Pit)

   It inflicts extra damage upon your enemies.
   It affects your intelligence (+4).
   It protects you from cold.
   It causes draining when unequipped.
   It makes you more stealthy.
Armour
 a - the +2 pair of gloves of the Fifty Souls (worn) {Dex+6}
   (You bought it in a shop on level 1 of the Vaults)

   It affects your dexterity (+6).
 C - the +0 robe of Objectivity (worn) {rC+ MR++ Int-2 Stlth+}
   (You found it on level 14 of the Dungeon)

   It affects your intelligence (-2).
   It protects you from cold.
   It affects your resistance to hostile enchantments.
   It makes you more stealthy.
 F - a +2 cloak (worn)
 Q - a +2 pair of boots (worn)
 S - a +1 helmet (worn)
 X - the -2 buckler of Pandemonium (worn) {rElec}
   (You acquired it on level 2 of the Lair of Beasts)

   It insulates you from electricity.
Jewellery
 h - an uncursed amulet of resist corrosion
 k - an uncursed ring of see invisible
 n - an uncursed ring of protection from magic
 q - a +5 ring of protection
 r - an uncursed ring of fire
 y - an uncursed amulet of warding
 A - an uncursed ring of protection from cold
 P - the ring "Fomiy" (right hand) {Fire rPois Dex+6 Slay-5}
   (You took it off a fire giant on level 2 of the Depths)

   [ring of fire]

   It enhances your fire magic, and weakens your ice magic.
   It affects your dexterity (+6).
   It affects your accuracy and damage with ranged weapons and melee attacks
   (-5).
   It protects you from fire.
   It makes you vulnerable to cold.
   It protects you from poison.
 V - an amulet of clarity (around neck)
 Y - an uncursed amulet of resist mutation
 Z - the ring "Eprathek" (left hand) {Wiz MR+ Dex+3}
   (You took it off a rakshasa on level 3 of the Depths)

   [ring of wizardry]

   It improves your spell success rate.
   It affects your dexterity (+3).
   It affects your resistance to hostile enchantments.
Wands
 e - a wand of teleportation (3)
 K - a wand of hasting (3)
 M - a wand of fire (7)
 T - a wand of digging (7)
Scrolls
 f - 13 scrolls of remove curse
 i - 2 scrolls of brand weapon
 j - 4 scrolls of magic mapping
 l - 4 scrolls of teleportation
 p - a scroll of summoning
 x - 2 scrolls of holy word
 z - a scroll of fog
 B - 5 scrolls of recharging
 E - 3 scrolls of blinking
 I - 6 scrolls of enchant weapon
 L - a scroll of fear
Potions
 d - 4 potions of agility
 o - a potion of heal wounds
 s - 5 potions of brilliance
 t - a potion of magic
 u - a potion of invisibility
 v - 11 potions of curing
 D - 5 potions of haste
 G - 2 potions of cure mutation
 J - 2 potions of cancellation
 N - a potion of flight
 W - 3 potions of resistance
Books
 b - a manual of Dodging
Miscellaneous
 R - a phantom mirror
Comestibles
 c - 10 bread rations
 m - 14 meat rations
 U - 22 royal jellies


   Skills:
 - Level 14.0 Fighting
 - Level 4.5 Armour
 + Level 18.2 Dodging
 - Level 2.4 Stealth
 - Level 5.0 Shields
 + Level 21.5 Spellcasting
 + Level 20.6 Conjurations
 - Level 4.0 Hexes
 - Level 12.0 Charms
 - Level 6.6 Summonings
 - Level 5.0 Translocations
 + Level 20.2 Fire Magic


You had 10 spell levels left.
You knew the following spells:

 Your Spells              Type           Power        Failure   Level  Hunger
a - Magic Dart            Conj           ####         0%          1    None
c - Dazzling Spray        Conj/Hex       #######.     1%          3    None
d - Iskenderun's Mystic   Conj           ########     0%          4    None
e - Iskenderun's Battles  Conj/Chrm      #######.     1%          5    None
f - Force Lance           Conj/Tloc      #######.     1%          4    None
g - Delayed Fireball      Conj/Fire      N/A          1%          7    ##.....
h - Fireball              Conj/Fire      ########..   0%          5    None
i - Spellforged Servitor  Conj/Summ      #######...   1%          7    ##.....
j - Bolt of Fire          Conj/Fire      ########..   1%          6    None
k - Fire Storm            Conj/Fire      ########..   3%          9    ######.
l - Blink                 Tloc           N/A          1%          2    None
m - Iron Shot             Conj/Erth      #######...   1%          6    None


Dungeon Overview and Level Annotations

Branches:
Dungeon (15/15)            Temple (1/1) D:5            Lair (8/8) D:9
 Shoals (4/4) Lair:6        Snake (4/4) Lair:3        Slime (0/6) Lair:7
    Orc (4/4) D:9             Elf (0/3) Orc:4        Vaults (4/5) D:13
  Crypt (0/3) Vaults:3     Depths (3/5) D:15

Altars:
Ashenzari
Cheibriados
Dithmenos
Elyvilon
Fedhas
Gozag
Kikubaaqudgha
Makhleb
Nemelex Xobeh
Okawaru
Qazlal
Ru
Sif Muna
Trog
Vehumet
Xom
Yredelemnul
Zin
The Shining One
Beogh
Jiyva

Shops:
Orc:4 ==*!   Shoals:2 ?   Snake:1 }   Vaults:1 ([(((!   Vaults:4 (
Depths:1 :*

Portals:
Hell: Depths:1 Depths:2
Abyss: Depths:1 Depths:2
Pandemonium: Depths:1

Annotations:
D:11 1 runed door
Lair:7 1 runed door
Shoals:3 exclusion: Roxanne, Roxanne
Depths:1 1 runed door


Message History

The fire giant points at you and mumbles some strange words.
The fireball explodes!
The fireball engulfs you! You resist.
The fireball engulfs the fire giant.
The fire giant resists.
You hear a shout!
The fire giant hits you with a great sword of flaming!!
You block the fire giant's attack.
A deep troll shaman comes into view.
The fire giant points at you and mumbles some strange words.
The fireball explodes!
The fireball engulfs you! You resist.
Casting: Iron Shot
Confirm with . or Enter, or press ? or * to list all spells.
You blink.
The fire giant gestures at you while chanting.
The fireball explodes!
The fireball engulfs you! You resist.
Casting: Blink
Confirm with . or Enter, or press ? or * to list all spells.
You blink.
The reaper hits you from afar with a scythe of slicing!!!
* * * LOW HITPOINT WARNING * * *
You die...

.# #...###...## ##..##.## ..
#...# ##...## #...#### .# #...#
##...###..## # ยง. ...#
##...#TC.# ## ..# ##.....## .#
.# ##....# .# ..# ###2..:## '#
....#######.....## #
#..........@..### #
#.........### ## #####.##### .#
#....#### ##....# .# #....#..###
...... .#........##...##...###
....# .#.........#....'.....#
....# ###........#....#.....#
####(..#
#.###......#....#.....###..#...#


You could see a fire giant, a reaper and a deep troll shaman.

Vanquished Creatures
  A juggernaut (Depths:2)
  Norris (Vaults:3)
  Saint Roka (Depths:2)
  Vashnia (Snake:3)
  A golden dragon (Depths:2)
  Jorgrun (Depths:1)
  Rupert (Orc:4)
  The ghost of magipi the Infuser, an adept CeGl of Kikubaaqudgha (Depths:1)
  A lich (Depths:3)
  4 sphinxes
  Polyphemus (Shoals:2)
  2 tengu reavers
  Kirke (D:12)
  A storm dragon (Depths:2)
  9 greater nagas
  A fire giant (shapeshifter) (Depths:2)
  Ilsuiw (Shoals:4)
  6 frost giants
  A deep elf sorcerer (Vaults:4)
  An iron dragon (Depths:3)
  2 orc warlords
  Maud (Lair:6)
  14 vault wardens
  7 fire giants
  Aizul (Snake:4)
  11 very ugly things
  A war gargoyle (Vaults:4)
  13 ironheart preservers
  18 stone giants
  A vampire knight (Depths:2)
  A deep elf demonologist (Vaults:4)
  The ghost of st0uf the Thaumaturge, a journeyman DrFE of Vehumet (Lair:7)
  A crystal guardian (Vaults:2)
  Snorg (Orc:3)
  6 merfolk javelineers
  12 merfolk impalers
  11 vault guards
  3 deep elf death magi
  3 fire dragons (Depths:2)
  9 ettins
  2 jiangshi (Depths:2)
  4 rakshasas
  7 great orbs of eyes
  The ghost of skimmer the Covert, a journeyman NaWz of Cheibriados (D:11)
  11 hydras
  2 spriggan air magi (Depths:2)
  2 catoblepae
  3 entropy weavers
  9 yaktaur captains
  Erolcha (D:11)
  6 ice dragons
  12 naga warriors
  8 centaur warriors
  14 anacondas
  6 satyrs (Shoals:4)
  17 ogre magi
  An alligator snapping turtle (Shoals:4)
  5 deep troll earth magi
  6 merfolk avatars
  16 death yaks
  7 deep troll shamans
  A vampire mage (Depths:3)
  4 shock serpents
  5 tengu warriors
  3 orc high priests (Orc:4)
  4 merfolk aquamancers
  A shock serpent (shapeshifter) (Vaults:4)
  A hell knight (Depths:2)
  26 naga sharpshooters
  3 iron trolls
  2 skeletal warriors
  2 shadow wraiths
  2 wizards
  15 deep trolls
  2 fire crabs
  3 salamander mystics
  12 naga ritualists
  9 sea snakes
  2 deep elf knights (Vaults:1)
  A flayed ghost (Depths:2)
  3 unseen horrors (D:15)
  10 ironbrand convokers
  A phantasmal warrior (Vaults:3)
  An orange crystal statue (Depths:1)
  18 harpies
  4 giant orange brains
  Pikel (D:5)
  13 mana vipers
  8 hill giants
  2 necromancers
  14 fauns (Shoals:4)
  55 ugly things
  20 orc knights
  10 cyclopes
  3 wolf spiders
  12 griffons
  6 orc sorcerers
  17 elephants
  An oklob plant (Lair:3)
  4 water nymphs
  9 manticores
  14 sirens
  A fire giant zombie (Vaults:3)
  A human skeleton (Vaults:3)
  18 salamanders
  22 vault sentinels
  3 hornets
  A manticore (shapeshifter) (D:15)
  A sixfirhy (Depths:3)
  26 naga magi
  46 black mambas
  5 gargoyles
  A guardian serpent (Snake:4)
  2 torpor snails
  2 efreet
  17 spiny frogs
  12 komodo dragons
  A fire drake (shapeshifter) (Depths:2)
  A kobold demonologist (D:15)
  54 yaktaurs
  4 jumping spiders
  4 fire drakes
  3 deep elf priests
  2 freezing wraiths (Vaults:4)
  A spriggan druid (Lair:8)
  A queen bee (Lair:1)
  4 tengu conjurers
  28 merfolk
  5 polar bears
  A queen bee (shapeshifter) (D:15)
  3 wind drakes
  9 trolls
  A wind drake (shapeshifter) (Depths:2)
  A blue devil (Depths:3)
  Grinder (D:5)
  3 boulder beetles
  A slime creature (shapeshifter) (Vaults:1)
  5 snapping turtles
  A trapdoor spider zombie (D:12)
  3 human simulacra
  A hornet zombie (Vaults:1)
  23 two-headed ogres
  A blink frog (Lair:7)
  A raiju (shapeshifter) (D:15)
  32 slime creatures
  A stone giant simulacrum (Vaults:1)
  A human (shapeshifter) (Depths:2)
  2 shadows (D:12)
  18 redbacks
  12 spriggans (Lair:8)
  A tarantella (Vaults:4)
  11 water elementals
  6 deep elf fighters
  6 wyverns
  41 yaks
  2 mottled dragons
  A tarantella (shapeshifter) (Vaults:2)
  3 ice beasts
  Eustachio (D:5)
  8 deep elf magi
  A hog (D:12)
  2 vampires
  A hippogriff (shapeshifter) (Vaults:4)
  2 hogs (shapeshifter)
  19 hippogriffs
  5 basilisks
  A golden eye (shapeshifter) (Vaults:3)
  A human (D:13)
  A steam dragon (D:9)
  A fire elemental (Lair:5)
  5 air elementals (Depths:2)
  8 wargs
  An ogre zombie (Vaults:1)
  49 wolves
  Edmund (D:6)
  5 hungry ghosts
  49 nagas
  22 vampire mosquitoes
  17 porcupines
  A soldier ant (D:15)
  57 orc warriors
  17 water moccasins
  A wasp (shapeshifter) (D:15)
  18 centaurs
  7 sky beasts
  4 eyes of draining
  5 black bears (Lair:8)
  8 phantoms
  A tengu (shapeshifter) (Vaults:2)
  65 ogres
  5 wasps
  The ghost of HaroldButt the Conjurer, an amateur DrCj (D:4)
  11 crocodiles
  A big kobold (D:12)
  16 giant frogs
  7 scorpions
  An elf simulacrum (Vaults:3)
  37 killer bees
  22 wights
  A lava snake (Lair:5)
  6 hounds
  A quasit (D:10)
  4 centaur zombies
  A yaktaur simulacrum (Vaults:2)
  9 crimson imps
  3 giant frog zombies
  32 orc priests
  8 jellies
  50 orc wizards
  2 giant frog skeletons
  6 centaur skeletons
  8 worker ants
  11 iguanas
  A killer bee zombie (D:6)
  16 sheep
  A hound zombie (D:7)
  2 worker ant zombies
  9 adders
  99 river rats
  3 gnolls (D:4)
  3 shadow imps
  A white imp (Depths:1)
  5 oozes (D:10)
  2 adder zombies
  An adder skeleton (D:6)
  A worm (D:9)
  2 giant geckos
  220 orcs
  7 ball pythons
  A giant cockroach (D:3)
  5 hobgoblins
  6 jackals
  7 quokkas
  7 bats
  5 giant newts
  7 goblins
  A jackal skeleton (D:7)
  A jackal zombie (D:8)
  17 kobolds
  19 rats
  4 fungi
  29 plants
2185 creatures vanquished.

Vanquished Creatures (collateral kills)
  A deep troll (Depths:2)
  An orc warrior (Depths:2)
2 creatures vanquished.

Vanquished Creatures (others)
  A fire giant (Vaults:3)
  2 humans (D:12)
  A yak (D:12)
  2 centaurs
  An orc warrior (Depths:2)
  2 slaves (D:5)
  An ogre (Depths:2)
  2 jackals (D:5)
  30 fire vortices
  40 fungi
  21 plants
103 creatures vanquished.

Grand Total: 2290 creatures vanquished

Notes
Turn   | Place    | Note
--------------------------------------------------------------
     0 | D:1      | HaroldButt the Deep Elf Conjurer began the quest for the Orb.
     0 | D:1      | Reached XP level 1. HP: 10/10 MP: 6/6
   146 | D:1      | Reached XP level 2. HP: 15/15 MP: 0/8
   253 | D:1      | Learned a level 2 spell: Searing Ray
   515 | D:1      | Reached skill level 5 in Conjurations
   515 | D:1      | Reached XP level 3. HP: 19/19 MP: 5/10
   523 | D:1      | Learned a level 3 spell: Dazzling Spray
   989 | D:2      | Reached skill level 1 in Hexes
  1244 | D:2      | Reached XP level 4. HP: 24/24 MP: 8/12
  1669 | D:3      | Learned a level 4 spell: Iskenderun's Mystic Blast
  1910 | D:3      | Found a shattered altar of Ashenzari.
  2147 | D:3      | Found a basalt altar of Yredelemnul.
  2621 | D:4      | Noticed a centaur
  3035 | D:4      | Reached skill level 6 in Conjurations
  3035 | D:4      | Reached XP level 5. HP: 26/28 MP: 8/13
  3052 | D:4      | Noticed HaroldButt's ghost (amateur DrCj)
  3161 | D:4      | Killed HaroldButt's ghost
  3161 | D:4      | Reached skill level 7 in Conjurations
  3372 | D:4      | Killed a centaur
  3372 | D:4      | Reached XP level 6. HP: 13/32 MP: 6/14
  3771 | D:4      | Found an opulent altar of Gozag.
  4107 | D:5      | Entered Level 5 of the Dungeon
  4136 | D:5      | Reached skill level 5 in Spellcasting
  4136 | D:5      | Reached skill level 8 in Conjurations
  4136 | D:5      | Reached XP level 7. HP: 36/36 MP: 4/16
  4228 | D:5      | Noticed Pikel
  4240 | D:5      | Killed Pikel
  4240 | D:5      | Reached skill level 9 in Conjurations
  4240 | D:5      | Reached XP level 8. HP: 41/41 MP: 0/19
  4502 | D:5      | Noticed Grinder
  4508 | D:5      | Killed Grinder
  4515 | D:5      | Learned a level 5 spell: Iskenderun's Battlesphere
  4644 | D:5      | Found a shadowy altar of Dithmenos.
  4658 | D:5      | Noticed Eustachio
  4704 | D:5      | Killed Eustachio
  4704 | D:5      | Reached skill level 10 in Conjurations
  4704 | D:5      | Reached skill level 1 in Charms
  4966 | D:5      | Found a staircase to the Ecumenical Temple.
  4981 | Temple   | Entered the Ecumenical Temple
  5400 | D:6      | Got a smoking war axe
  5402 | D:6      | Identified the cursed +1 war axe "Meimamab" {chop, rN+ MP+9 Int+4} (You found it on level 6 of the Dungeon)
  5411 | D:6      | Found a blossoming altar of Fedhas.
  5414 | D:6      | Found an ancient bone altar of Kikubaaqudgha.
  5598 | D:6      | Noticed Edmund
  5602 | D:6      | Killed Edmund
  5602 | D:6      | Reached XP level 9. HP: 45/45 MP: 19/23
  5636 | D:6      | Found a sparkling altar of Nemelex Xobeh.
  5693 | D:6      | Reached skill level 5 in Charms
  5843 | D:6      | Found a shimmering altar of Xom.
  5844 | D:6      | Found a burning altar of Makhleb.
  6172 | D:7      | Reached skill level 11 in Conjurations
  6421 | D:7      | Reached skill level 1 in Fighting
  7018 | D:8      | Reached skill level 5 in Dodging
  7163 | D:8      | Reached XP level 10. HP: 55/55 MP: 25/25
  7275 | D:8      | Found a glowing golden altar of the Shining One.
  7879 | D:9      | Found a staircase to the Lair.
  7891 | D:9      | Found a radiant altar of Vehumet.
  7896 | D:9      | Became a worshipper of Vehumet
  7953 | D:9      | Found a snail-covered altar of Cheibriados.
  8173 | D:9      | Got a crude dagger
  8182 | D:9      | Identified the +5 dagger of Greatest Utility {freeze, rC+} (You found it on level 9 of the Dungeon)
  8244 | D:9      | Reached * piety under Vehumet
  8244 | D:9      | Offered knowledge of Freeze by Vehumet.
  8471 | D:9      | Found a staircase to the Orcish Mines.
  8715 | Lair:1   | Entered Level 1 of the Lair of Beasts
  8723 | Lair:1   | Reached skill level 10 in Charms
  9046 | Lair:1   | Noticed a black mamba
  9049 | Lair:1   | Killed a black mamba
  9080 | Lair:1   | Offered knowledge of Sting by Vehumet.
  9092 | Lair:1   | Reached ** piety under Vehumet
  9385 | Lair:1   | Reached XP level 11. HP: 62/62 MP: 26/26
  9601 | Lair:1   | Offered knowledge of Static Discharge by Vehumet.
  9603 | Lair:1   | Reached skill level 5 in Fighting
  9605 | Lair:1   | Reached skill level 10 in Spellcasting
  9610 | Lair:1   | Reached *** piety under Vehumet
  9965 | Lair:1   | Noticed a seven-headed hydra
 10162 | D:10     | Entered Level 10 of the Dungeon
 10185 | D:10     | Offered knowledge of Force Lance by Vehumet.
 10191 | D:10     | Learned a level 4 spell: Force Lance
 10223 | D:10     | Reached skill level 1 in Translocations
 10343 | D:10     | Noticed a hill giant
 10348 | D:10     | Killed a hill giant
 10634 | D:10     | Reached **** piety under Vehumet
 10637 | D:10     | Offered knowledge of Olgreb's Toxic Radiance by Vehumet.
 10742 | D:10     | Reached skill level 5 in Translocations
 10941 | Lair:1   | Killed a seven-headed hydra
 11410 | Lair:2   | Reached skill level 12 in Conjurations
 11684 | Lair:2   | Identified a scroll of acquirement
 11687 | Lair:2   | Got a warped buckler
 11693 | Lair:2   | Identified the -2 buckler of Pandemonium {rElec} (You acquired it on level 2 of the Lair of Beasts)
 11805 | Lair:3   | Identified the Handbook of Darkness
 11828 | Lair:3   | Got a pitted amber ring
 11840 | Lair:3   | Identified the ring "Oxasm" {Int+4 Stlth+} (You found it on level 3 of the Lair of Beasts)
 11945 | Lair:3   | Reached ***** piety under Vehumet
 11945 | Lair:3   | Reached XP level 12. HP: 69/69 MP: 16/28
 12017 | Lair:2   | Noticed a five-headed hydra
 12189 | Lair:2   | Killed a five-headed hydra
 12407 | Lair:3   | Found a staircase to the Snake Pit.
 12551 | Lair:3   | Offered knowledge of Delayed Fireball by Vehumet.
 12560 | Lair:3   | Learned a level 7 spell: Delayed Fireball
 12567 | Lair:3   | Learned a level 5 spell: Fireball
 12587 | Lair:3   | Reached skill level 10 in Dodging
 12711 | Lair:3   | Found an iron altar of Okawaru.
 12788 | Lair:3   | Reached skill level 1 in Fire Magic
 13529 | Lair:4   | Reached skill level 5 in Fire Magic
 14198 | Lair:5   | Found a runed door.
 14285 | Lair:5   | Noticed a four-headed hydra
 14290 | Lair:5   | Killed a four-headed hydra
 14290 | Lair:5   | Reached XP level 13. HP: 78/78 MP: 29/29
 14389 | Lair:5   | Found a shimmering altar of Xom.
 14497 | Lair:5   | Offered knowledge of Lee's Rapid Deconstruction by Vehumet.
 15093 | Lair:6   | Noticed Maud
 15100 | Lair:6   | Killed Maud
 15845 | Lair:6   | Found a staircase to the Shoals.
 16387 | Lair:7   | Noticed st0uf's ghost (journeyman DrFE)
 16393 | Lair:7   | Killed st0uf's ghost
 16402 | Lair:7   | Offered knowledge of Irradiate by Vehumet.
 16636 | Lair:7   | Found a runed door.
 16636 | Lair:7   | Found a viscous altar of Jiyva.
 16637 | Lair:7   | Found a staircase to the Slime Pits.
 16654 | Lair:7   | Reached skill level 13 in Dodging
 17415 | Orc:1    | Entered Level 1 of the Orcish Mines
 18419 | Orc:2    | Reached XP level 14. HP: 86/86 MP: 30/30
 18858 | Orc:3    | Noticed Snorg
 18861 | Orc:3    | Killed Snorg
 19579 | Orc:4    | Entered Level 4 of the Orcish Mines
 19579 | Orc:4    | Noticed an orc warlord
 19642 | Orc:4    | Reached ****** piety under Vehumet
 19662 | Orc:4    | Killed an orc warlord
 19684 | Orc:3    | Offered knowledge of Bolt of Draining by Vehumet.
 20302 | Orc:4    | Found a roughly hewn altar of Beogh.
 20389 | Orc:4    | Found a staircase to the Elven Halls.
 20444 | Orc:4    | Found a bloodstained altar of Trog.
 20570 | Orc:4    | Noticed Rupert
 20577 | Orc:4    | Killed Rupert
 20577 | Orc:4    | Reached skill level 10 in Fire Magic
 21662 | Orc:4    | Reached skill level 14 in Dodging
 21833 | Orc:4    | Offered knowledge of Conjure Ball Lightning by Vehumet.
 21841 | Orc:4    | Found Zottufo's Jewellery Shoppe.
 21841 | Orc:4    | Found Ifajeg's Jewellery Shoppe.
 21842 | Orc:4    | Found Welerret's Distillery.
 21842 | Orc:4    | Found Uloceatu's General Store.
 21891 | Orc:4    | Bought a potion of magic for 104 gold pieces
 21891 | Orc:4    | Bought a potion of magic for 104 gold pieces
 21891 | Orc:4    | Bought a potion of cancellation for 104 gold pieces
 22304 | Lair:8   | Entered Level 8 of the Lair of Beasts
 23292 | Lair:8   | Reached XP level 15. HP: 92/92 MP: 28/33
 23486 | Lair:8   | Offered knowledge of Spellforged Servitor by Vehumet.
 23594 | Lair:8   | Reached skill level 10 in Fighting
 24672 | D:11     | Learned a level 7 spell: Spellforged Servitor
 24715 | D:11     | Noticed skimmer's ghost (journeyman NaWz)
 24728 | D:11     | Killed skimmer's ghost
 24728 | D:11     | Reached skill level 1 in Summonings
 24954 | D:11     | Noticed Erolcha
 24958 | D:11     | Killed Erolcha
 24979 | D:11     | Found a white marble altar of Elyvilon.
 24980 | D:11     | Found a runed door.
 25533 | D:12     | Offered knowledge of Bolt of Fire by Vehumet.
 25541 | D:12     | Learned a level 6 spell: Bolt of Fire
 25949 | D:12     | Got a transparent robe
 25960 | D:12     | Identified the cursed +0 robe of Ocaenut {Dex+2} (You found it on level 12 of the Dungeon)
 25981 | D:12     | Noticed Kirke
 25983 | D:12     | Noticed a sphinx
 25983 | D:12     | Killed Kirke
 27033 | D:13     | Found a gate to the Vaults.
 27574 | D:14     | Reached skill level 5 in Summonings
 27580 | D:14     | Got a shadowed robe
 27582 | D:14     | Identified the +0 robe of Objectivity {rC+ MR++ Int-2 Stlth+} (You found it on level 14 of the Dungeon)
 28305 | D:14     | Reached XP level 16. HP: 100/100 MP: 35/35
 28493 | D:14     | Found a sacrificial altar of Ru.
 28686 | D:15     | Entered Level 15 of the Dungeon
 29212 | D:15     | Offered knowledge of Fire Storm by Vehumet.
 29212 | D:15     | Offered knowledge of Glaciate by Vehumet.
 29212 | D:15     | Offered knowledge of Tornado by Vehumet.
 29255 | D:15     | Found a staircase to the Depths.
 30126 | Snake:1  | Entered Level 1 of the Snake Pit
 30382 | Snake:1  | Got an encrusted falchion
 30383 | Snake:1  | Identified the +11 falchion "Ekienenn" {slice, *Drain rC+ Int+4 Stlth+} (You found it on level 1 of the Snake Pit)
 30406 | Snake:1  | Found Gigip's Gadget Boutique.
 30415 | Snake:1  | Reached skill level 1 in Armour
 30707 | Snake:1  | Bought a wand of teleportation (4) for 312 gold pieces
 32419 | Snake:2  | Reached skill level 15 in Spellcasting
 32937 | Snake:2  | Reached XP level 17. HP: 104/104 MP: 34/38
 33390 | Snake:3  | Reached skill level 15 in Dodging
 33967 | Snake:3  | Got a distressingly furry robe
 33968 | Snake:3  | Identified the +3 robe of Oblivion {Str+3} (You found it on level 3 of the Snake Pit)
 34088 | Snake:3  | Noticed Vashnia
 34534 | Shoals:1 | Entered Level 1 of the Shoals
 34653 | Shoals:1 | Reached skill level 15 in Conjurations
 35586 | Shoals:1 | Reached skill level 1 in Shields
 35837 | Shoals:2 | Reached skill level 15 in Fire Magic
 35847 | Shoals:2 | Reached skill level 16 in Spellcasting
 36106 | Shoals:2 | Found Fapso's Magic Scroll Shoppe.
 36124 | Shoals:2 | Bought a scroll of enchant armour for 127 gold pieces
 36124 | Shoals:2 | Bought a scroll of enchant armour for 127 gold pieces
 36208 | Shoals:2 | Noticed Polyphemus
 36221 | Shoals:2 | Killed Polyphemus
 37244 | Shoals:3 | Reached XP level 18. HP: 99/110 MP: 39/40
 37246 | Shoals:3 | Noticed Roxanne
 37592 | Shoals:4 | Entered Level 4 of the Shoals
 38505 | Shoals:4 | Reached skill level 17 in Spellcasting
 38877 | Shoals:4 | Got a barnacled rune of Zot
 38996 | Shoals:4 | Reached skill level 5 in Shields
 39277 | Shoals:4 | Noticed Ilsuiw
 39282 | Shoals:4 | Killed Ilsuiw
 39571 | Shoals:4 | Got a scorched mace
 39576 | Shoals:4 | Identified the +8 mace "Adud" {venom, rF- rN+ Str+4} (You found it on level 4 of the Shoals)
 40972 | Vaults:1 | Entered Level 1 of the Vaults
 41101 | Vaults:1 | Found Ripegrao's Weapon Boutique.
 41871 | Vaults:1 | Found Zekigod's Weapon Shop.
 42056 | Vaults:1 | Reached XP level 19. HP: 116/116 MP: 34/42
 42066 | Vaults:1 | Found Cekkox's Distillery.
 42079 | Vaults:1 | Bought a potion of cure mutation for 595 gold pieces
 42684 | Vaults:1 | Found Gozag's Antique Weapon Shoppe.
 42687 | Vaults:1 | Found an opulent altar of Gozag.
 42690 | Vaults:1 | Found Gozag's Antique Armour Shoppe.
 42702 | Vaults:1 | Found Gozag's Antique Weapon Emporium.
 42705 | Vaults:1 | Bought a pair of encrusted gloves for 950 gold pieces
 42722 | Vaults:1 | Identified the +2 pair of gloves of the Fifty Souls {Dex+6} (You bought it in a shop on level 1 of the Vaults)
 42756 | Vaults:1 | Reached skill level 18 in Spellcasting
 43162 | Vaults:1 | Bought a crystal falchion for 800 gold pieces
 43163 | Vaults:1 | Identified the +5 falchion of the Crawling Thing {slice, +Blink rElec rC- Int-4} (You bought it in a shop on level 1 of the Vaults)
 44023 | Vaults:1 | Got a steaming cloak
 44035 | Vaults:1 | Identified the +0 cloak of Virtue {Str+3} (You found it on level 1 of the Vaults)
 46628 | D:10     | Noticed a hill giant
 46629 | D:10     | Killed a hill giant
 46759 | Orc:4    | Bought an uncursed ring of see invisible for 210 gold pieces
 46775 | Orc:4    | Bought an uncursed ring of fire for 300 gold pieces
 47330 | Vaults:3 | Noticed Norris
 47335 | Vaults:3 | Found a staircase to the Crypt.
 47342 | Vaults:3 | Killed Norris
 47569 | Vaults:3 | Reached XP level 20. HP: 93/122 MP: 3/44
 49063 | Vaults:3 | Got an encrusted war axe
 49064 | Vaults:3 | Identified the +7 war axe "Amegub" {chop, Str-3 Int+5} (You found it on level 3 of the Vaults)
 50782 | Vaults:4 | Reached skill level 19 in Spellcasting
 51056 | Vaults:4 | Found Riri's Weapon Shoppe.
 52645 | Snake:3  | Killed Vashnia
 52955 | Snake:4  | Entered Level 4 of the Snake Pit
 52960 | Snake:4  | Noticed Aizul
 52964 | Snake:4  | Killed Aizul
 53363 | Snake:4  | Reached XP level 21. HP: 128/128 MP: 8/46
 54080 | Snake:3  | Learned a level 9 spell: Fire Storm
 55250 | Snake:4  | Got a serpentine rune of Zot
 56650 | Lair:5   | Noticed a seven-headed hydra
 56653 | Lair:5   | Killed a seven-headed hydra
 56664 | Lair:5   | Learned a level 2 spell: Blink
 57008 | Depths:1 | Entered Level 1 of the Depths
 57035 | Depths:1 | Noticed Jorgrun
 57035 | Depths:1 | Reached skill level 20 in Spellcasting
 57039 | Depths:1 | Killed Jorgrun
 57310 | Depths:1 | Found Fuatsol's Book Shop.
 57318 | Depths:1 | Noticed magipi's ghost (adept CeGl)
 58153 | Depths:1 | Found a one-way gate leading to the halls of Pandemonium.
 58382 | D:15     | Learned a level 6 spell: Iron Shot
 59038 | Depths:1 | Found Tacseor's Pet Rocks.
 59042 | Depths:1 | Found a gateway to Hell.
 59093 | Depths:1 | Found a runed door.
 59114 | Depths:1 | Found a one-way gate to the infinite horrors of the Abyss.
 59508 | Depths:1 | Killed magipi's ghost
 60263 | Depths:2 | Noticed Saint Roka
 60273 | Depths:2 | Killed Saint Roka
 60777 | Depths:2 | Reached XP level 22. HP: 136/136 MP: 17/48
 60938 | Depths:2 | Identified the Papyrus of the Eternal Fruit
 61549 | Depths:2 | Got a transparent granite ring
 61722 | Depths:2 | Noticed a juggernaut
 62023 | Depths:1 | Identified the ring "Fomiy" {Fire rPois Dex+6 Slay-5} (You took it off a fire giant on level 2 of the Depths)
 62092 | Depths:2 | Killed a juggernaut
 62643 | Depths:2 | Reached skill level 21 in Spellcasting
 63790 | Depths:3 | Noticed a juggernaut
 64245 | Depths:3 | Got a clouded iron ring
 64677 | Depths:3 | Identified the ring "Eprathek" {Wiz MR+ Dex+3} (You took it off a rakshasa on level 3 of the Depths)
 64801 | Depths:3 | Slain by a reaper

Action                   |  1- 3 |  4- 6 |  7- 9 | 10-12 | 13-15 | 16-18 | 19-21 | 22-24 || total
-------------------------+-------+-------+-------+-------+-------+-------+-------+-------++-------
Melee: Dagger            |     2 |    16 |     4 |       |       |       |       |       ||    22
       War axe           |       |       |     5 |    12 |    50 |    84 |     4 |       ||   155
       Falchion          |       |       |       |       |       |       |    52 |     3 ||    55
 Cast: Magic Dart        |    61 |    58 |    80 |   327 |   709 |   135 |       |       ||  1370
       Searing Ray       |     3 |    12 |    20 |    14 |    14 |       |     2 |       ||    65
       Dazzling Spray    |       |     2 |     3 |    11 |    87 |    12 |     5 |       ||   120
       Iskenderun's Myst |       |     6 |    36 |    99 |    86 |   102 |    50 |       ||   379
       Iskenderun's Batt |       |       |     9 |    78 |   175 |    51 |     9 |       ||   322
       Force Lance       |       |       |       |     6 |     6 |       |     2 |       ||    14
       Fireball          |       |       |       |     4 |   124 |   383 |   478 |    44 ||  1033
       Delayed Fireball  |       |       |       |       |     4 |     2 |       |       ||     6
       Bolt of Fire      |       |       |       |       |     9 |   120 |   283 |   102 ||   514
       Spellforged Servi |       |       |       |       |       |     2 |     2 |       ||     4
       Iron Shot         |       |       |       |       |       |       |    24 |    40 ||    64
       Fire Storm        |       |       |       |       |       |       |     6 |    11 ||    17
       Blink             |       |       |       |       |       |       |       |     8 ||     8
 Abil: Release Delayed F |       |       |       |       |     3 |     2 |       |       ||     5
Evoke: Wand              |       |       |       |       |       |     2 |     2 |     1 ||     5
       Phantom mirror    |       |       |       |       |       |     1 |       |       ||     1
  Use: Scroll            |       |     6 |    13 |    16 |    12 |    15 |    12 |    11 ||    85
       Potion            |       |       |       |     2 |     1 |     1 |     3 |     4 ||    11
 Stab: Sleeping          |     1 |     1 |       |       |       |     1 |       |       ||     3
       Distracted        |       |       |       |       |     1 |       |     2 |       ||     3
  Eat: Chunk             |     1 |    10 |    12 |    24 |    39 |    22 |    33 |     8 ||   149
       Pizza             |       |       |       |     3 |     1 |     1 |     1 |       ||     6
       Fruit             |       |       |       |       |    10 |    29 |     6 |       ||    45
       Beef jerky        |       |       |       |       |     1 |     3 |     7 |       ||    11
       Royal jelly       |       |       |       |       |       |       |     5 |     3 ||     8
